 Dungeon Crawl Stone Soup version 0.29.1-1-gd02db6906a (webtiles) character file.

Game seed: 1337434884525995369

137 Demigod47 the Trooper (level 5, -12/47 HPs)
             Began as a Minotaur Fighter on Oct 7, 2022.
             Killed by divine providence
             ... invoked by an orc priest
              (13 damage)
             ... on level 3 of the Dungeon.
             The game lasted 00:05:59 (1962 turns).

Demigod47 the Trooper (Minotaur Fighter)            Turns: 1962, Time: 00:06:01

Health: -12/47     AC:  8    Str: 23    XL:     5   Next: 0%
Magic:  4/4        EV: 10    Int:  5    God:
Gold:   107        SH:  0    Dex:  9    Spells: 4/4 levels left

rFire   + . .      SeeInvis .   u - +0 lajatang (spect)
rCold   x . .      Faith    .   (shield currently unavailable)
rNeg    . . .      Spirit   .   b - +0 scale mail
rPois   .          Reflect  .   (helmet restricted)
rElec   .          Harm     .   j - +0 cloak
rCorr   .          Rampage  .   (no gloves)
Will    +....                   (no boots)
Stlth   ..........              (no amulet)
HPRegen 0.15/turn               f - ring of willpower
MPRegen 0.09/turn               h - ring of fire

@: hasted, very quick
A: horns 2, retaliatory headbutt, claws 1, screaming 1, wild magic 1
a: no special abilities


You were on level 3 of the Dungeon.
You visited 1 branch of the dungeon, and saw 3 of its levels.

You collected 107 gold pieces.

Inventory:

Hand Weapons
 a - a +0 flail
 u - a +0 spectral lajatang (weapon)
Missiles
 t - 2 throwing nets (quivered)
Armour
 b - a +0 scale mail (worn)
 c - a +0 buckler
 j - a +0 cloak (worn)
Jewellery
 f - a ring of willpower (left claw)
 h - a ring of fire (right claw)
 m - a +6 ring of strength
Scrolls
 i - 2 scrolls of summoning {unknown}
 k - a scroll of noise {unknown}
 l - a scroll of enchant weapon {unknown}
 q - a scroll of fear {unknown}
 r - a scroll of teleportation {unknown}
Potions
 d - a potion of might
 e - 2 potions of brilliance {unknown}
 g - a potion of ambrosia {unknown}
 o - a potion of heal wounds {unknown}
 p - 2 potions of curing {unknown}


   Skills:
 + Level 4.5 Fighting
 + Level 4.1(4.2) Maces & Flails
 + Level 0.7(2.6) Staves
 + Level 4.4 Armour
 + Level 1.1 Dodging
 + Level 0.3 Stealth
 + Level 4.1 Shields


You had 4 spell levels left.
You didn't know any spells.
Your spell library was empty.

Dungeon Overview and Level Annotations

Branches:
Dungeon (3/15)

Altars:


Innate Abilities, Weirdness & Mutations

You have a pair of horns on your head.
You reflexively headbutt those who attack you in melee.
You have sharp fingernails.
You occasionally shout uncontrollably at your foes.
Your spells are a little harder to cast, but a little more powerful.


Message History

Beogh smites you!
Things that are here:
a +0 short sword; a +0 chain mail; an orc corpse You closely miss the orc.
Your headbutt misses the orc.
Your +0 spectral lajatang hits the orc!!
You kill the orc!
The orc priest hits you with a +0 dagger.
You have reached level 5!
You closely miss the orc priest.
Your +0 spectral lajatang barely misses the orc priest.
The orc priest hits you with a +0 whip.
The orc priest hits you but does no damage.
You closely miss the orc priest.
Your +0 spectral lajatang closely misses the orc priest.
The orc priest hits you with a +0 whip.
The orc priest begins to cast a cantrip, but forgets the words!
The orc priest calls down the wrath of Beogh upon you.
Pain shoots through your body!
* * * LOW HITPOINT WARNING * * *
The orc priest hits you but does no damage.
You closely miss the orc priest. You headbutt the orc priest!
The orc priest is severely wounded.
Your +0 spectral lajatang barely misses the orc priest.
The orc priest closely misses you.
The orc priest mumbles some strange prayers to Beogh against you.
Beogh smites you!
* * * LOW HITPOINT WARNING * * *
Unknown command.
It was a potion of haste.
You feel yourself speed up.
The orc priest hits you with a +0 dagger.
* * * LOW HITPOINT WARNING * * *
The orc priest hits you but does no damage.
It was a potion of mutation.
You feel extremely strange.
Your fingernails lengthen.
You feel the urge to shout.
You feel less in control of your magic.
The orc priest calls upon Beogh to heal the orc priest.
The orc priest is healed somewhat.
The orc priest mumbles some strange prayers to Beogh against you.
Beogh smites you!
You die...

###(#))#..#..# #.#
###.##.).)...# #.#
....########.# #.#
.............# #.#
###########..# #
#######.# #... .#
#.......# #.##
#.#.#.#######
#.#####ยง...#.#
#.#...@o...#.#
######.#.###o..##.#
######......#.#
#.###.#
#..........##.# .#
#.# '.............#
# #.#
#.####.###.#### #.#
#.# #.##...######.
#.# #.##
#.#........... #.#
.#>###.##...######
#.#


You could see 2 orc priests.

Vanquished Creatures
  4 gnolls (D:3)
  4 adders (D:3)
  A worm (D:3)
  7 orcs (D:3)
  4 bats
  2 endoplasms (D:3)
  A giant cockroach (D:2)
  4 goblins
  5 hobgoblins
  3 quokkas
  4 ball pythons (D:3)
  9 kobolds
  A rat (D:3)
49 creatures vanquished.

Notes
Turn   | Place    | Note
-------+----------+-------------------------------------------
     0 | D:1      | Demigod47 the Minotaur Fighter began the quest for the Orb.
     0 | D:1      | Reached XP level 1. HP: 19/19 MP: 0/0
   133 | D:1      | Reached XP level 2. HP: 24/27 MP: 1/1
   775 | D:2      | Found a faded altar of an unknown god.
  1150 | D:3      | Reached XP level 3. HP: 28/33 MP: 2/2
  1428 | D:3      | Reached XP level 4. HP: 40/41 MP: 3/3
  1615 | D:3      | Reached skill level 1 in Dodging
  1958 | D:3      | Reached XP level 5. HP: 28/47 MP: 4/4
  1960 | D:3      | HP: 2/47 [orc priest/divine providence (12)]
  1962 | D:3      | Gained mutation: You have sharp fingernails. [potion of
                  | mutation]
  1962 | D:3      | Gained mutation: You occasionally shout uncontrollably at
                  | your foes. [potion of mutation]
  1962 | D:3      | Gained mutation: Your spells are a little harder to cast,
                  | but a little more powerful. [potion of mutation]
  1962 | D:3      | Killed from afar by an orc priest

Illustrated notes

Levels and vault maps discovered:
D:1:      minmay_arrival_radiant_lines, layout_rooms
D:2:      layout_basic, hellmonk_ecumenical_altar_run_dry
D:3:      minmay_bubble_buster, layout_loops_ring

Skill      XL: |  1  2  3  4 |
---------------+-------------+-----
Fighting       | 4 |  4.5
Armour         | 4 |  4.4
Maces & Flails | 3 4 |  4.1
Shields        | 4 |  4.1
Dodging        | 1 |  1.1
Staves         | |  0.7
Stealth        | |  0.3

Action                   |  1- 3 |  4- 6 || total
-------------------------+-------+-------++-------
Melee: Flail             |    74 |       ||    74
       Headbutt          |     6 |     5 ||    11
       Lajatang          |     2 |    27 ||    29
  Use: Potion            |       |     2 ||     2
Armor: Scale mail        |    47 |    19 ||    66
Dodge: Dodged            |    39 |    26 ||    65
Block: Buckler           |    14 |       ||    14
